 Dungeon Sprint DCSS version 0.20-a0-1050-g57248f3 (webtiles) character file.

11458 lordofpotatos the Warrior (level 11, -7/121 HPs)
             Began as a Minotaur Fighter on Apr 25, 2017.
             Mangled by an azure jelly (17 damage)
             ... created by the vengeance of Jiyva
             ... in the Dungeon (Sprint V: "Ziggurat Sprint").
             The game lasted 00:15:16 (1041 turns).

lordofpotatos the Warrior (Minotaur Fighter)        Turns: 1041, Time: 00:15:17

Health: -7/121     AC: 36    Str: 39    XL:     11   Next: 49%
Magic:  0/8        EV:  9    Int:  9    God:
Gold:   0          SH:  0    Dex:  9    Spells: 10/10 levels left

rFire    . . .     SeeInvis +   l - +8 glaive of the Guard {elec, +Rage AC+5 SInv}
rCold    . . .     Gourm    .   (shield currently unavailable)
rNeg     . . .     Faith    .   k - +15 Maxwell's patent armour {-Cast -Tele rElec MR+ rCorr}
rPois    .         Spirit   +   (helmet unavailable)
rElec    +         Reflect  .   (no cloak)
rCorr    +         Harm     .   (no gloves)
MR       +....     NoTele   +   o - +0 pair of boots of Ezita {rCorr Int+4} Stlth ..........NoCast +
                                p - amulet of guardian spirit
Regen    0.3/turn               A - +6 ring of strength
MPRegen  0.2/turn               B - +6 ring of strength

@: corroded
A: retaliatory headbutt, horns 3, talons 1, icy blue scales 1, iridescent scales
1, low mp 1, sense surroundings 1, strong 1
a: Evoke Berserk Rage


You were in the Dungeon.
You were not hungry.

You visited 1 branch

Inventory:

Hand Weapons
 l - the +8 glaive of the Guard (weapon) {elec, +Rage AC+5 SInv}
   (You found it in the Dungeon)

   Occasionally, upon striking a foe, it will discharge some electrical energy
   and cause terrible harm.
   It affects your AC (+5).
   It lets you see invisible.
   It lets you go berserk.
Armour
 k - the +15 Maxwell's patent armour (worn) {-Cast -Tele rElec MR+ rCorr}
   (You found it in the Dungeon)

   It insulates you from electricity.
   It affects your resistance to hostile enchantments.
   It prevents spellcasting.
   It prevents most forms of teleportation.
   It protects you from acid and corrosion.
 o - the +0 pair of boots of Ezita (worn) {rCorr Int+4}
   (You found it in the Dungeon)

   It affects your intelligence (+4).
   It protects you from acid and corrosion.
Jewellery
 p - an amulet of guardian spirit (around neck)
 A - a +6 ring of strength (left hand)
 B - a +6 ring of strength (right hand)
Scrolls
 n - 4 scrolls of enchant armour
 s - 5 scrolls of remove curse
Potions
 a - 2 potions of brilliance
 b - 2 potions of invisibility
 c - 3 potions of resistance
 d - 3 potions of might
 e - 7 potions of curing
 h - 6 potions of haste
 i - 7 potions of magic
 j - a potion of berserk rage
 m - 5 potions of agility
Comestibles
 f - 5 bread rations
 u - 42 fruits
 v - 4 meat rations


   Skills:
 + Level 18.9 Fighting
   Level 10.3 Long Blades
 + Level 16.5 Polearms
 + Level 18.8 Armour
   Level 3.6 Shields


You had 10 spell levels left.
You didn't know any spells.

Dungeon Overview and Level Annotations

Branches:
Dungeon (1/1)

Altars:
Ashenzari
Cheibriados
Dithmenos
Elyvilon
Fedhas
Gozag
Hepliaklqana
Kikubaaqudgha
Makhleb
Nemelex Xobeh
Okawaru
Qazlal
Ru
Sif Muna
Trog
Uskayaw
Vehumet
Wu Jian
Xom
Yredelemnul
Zin
The Shining One
Beogh
Jiyva
Lugonu

Annotations:
D 1 transporter


Innate Abilities, Weirdness & Mutations

You reflexively headbutt those who attack you in melee.
You have a pair of large horns on your head.
You have sharp toenails.
You are partially covered in icy blue scales. (AC +2)
You are partially covered in iridescent scales. (AC +2)
Your magical capacity is low. (-10% MP)
You passively map a small area around you.
Your muscles are strong. (Str +2)


Message History

The acid blob is almost dead.
The acid blob spits acid at you. The splash of acid hits you!
The acid corrodes you!
You are splashed with acid!
The acid burns!
You resist.
You hit the acid blob.
Your hands burn!
You headbutt the acid blob, but do no damage.
The acid blob is almost dead.
The azure jelly hits you but does no damage. x2
The azure jelly completely misses you. The azure jelly barely misses you.
The slime creature hits you but does no damage.
The acid blob spits acid at you. The splash of acid hits you!
You are splashed with acid!
The acid burns!
You resist. The azure jelly hits you.
* * * LOW HITPOINT WARNING * * *
The azure jelly freezes you!!
* * * LOW HITPOINT WARNING * * *
The azure jelly hits you!
* * * LOW HITPOINT WARNING * * *
The azure jelly freezes you!!
You die...

,▓...)(....▓.......▓
▓▓▓▓▓▓▓▓▓▓▓▓▓▓▓▓▓▓▓
▓...8©8...▓..8©8..▓
,
▓....).[..▓...):..▓
, ,
▓....:[...▓..}"...▓
▓.........▓.......▓
,▓.........▓..(|)..▓
▓.....)J..▓..)((..▓
* *
▓....J@...▓...(...▓
▓.▓..GJ.▓.▓.▓.(.▓.▓
,
▓.........▓..((.(.▓
*
▓▓▓▓▓▓▓▓▓▓▓▓▓▓▓▓▓▓▓
,, , , ,* ,*,, , , *
,, , , , , , , , , ,
,*


You could see an acid blob, an azure jelly, a slime creature and a shining eye.

Vanquished Creatures
  A deep elf annihilator (D)
  A purple draconian (D)
  2 black draconians (D)
  A white draconian (D)
  A red draconian (D)
  A death scarab (D)
  A deep elf archer (D)
  2 cyclopes (D)
  A deep elf mage (D)
  A shining eye (shapeshifter) (D)
  3 draconians (D)
  3 yaktaurs (D)
  A flying skull (D)
  A water elemental (D)
  An air elemental (D)
  2 spriggans (D)
  A fire elemental (D)
  A water moccasin (D)
  A hell hound (D)
  A phantom (D)
  3 black bears (D)
  A centaur (D)
  A crimson imp (D)
  An orc priest (D)
  2 orc wizards (D)
  3 mummies (D)
  An adder (D)
  An orc (D)
  A bat zombie (D)
  2 ball pythons (D)
  A leopard gecko zombie (D)
  A quokka skeleton (D)
45 creatures vanquished.

Notes
Turn   | Place    | Note
-------+----------+-------------------------------------------
     0 | D        | lordofpotatos the Minotaur Fighter began the quest for the Orb.
     0 | D        | Reached XP level 1. HP: 19/19 MP: 0/0
    13 | D        | Found a blossoming altar of Fedhas.
    14 | D        | Found a deep blue altar of Sif Muna.
    14 | D        | Found a sacrificial altar of Ru.
    14 | D        | Found a bloodstained altar of Trog.
    14 | D        | Found a stormy altar of Qazlal.
    14 | D        | Found an iron altar of Okawaru.
    14 | D        | Found a sparkling altar of Nemelex Xobeh.
    16 | D        | Found an ancient bone altar of Kikubaaqudgha.
    16 | D        | Found a viscous altar of Jiyva.
    16 | D        | Found a corrupted altar of Lugonu.
    16 | D        | Found a hazy altar of Hepliaklqana.
    16 | D        | Found a burning altar of Makhleb.
    16 | D        | Found an opulent altar of Gozag.
   147 | D        | Became a worshipper of Jiyva Joacsec the Shapeless
   151 | D        | Reached * piety under Jiyva
   151 | D        | Reached ** piety under Jiyva
   151 | D        | Reached *** piety under Jiyva
   151 | D        | Gained mutation: You are agile. (Dex +2) [Jiyva's grace]
   151 | D        | Reached **** piety under Jiyva
   151 | D        | Gained mutation: You passively map a small area around you. [Jiyva's grace]
   151 | D        | Reached ***** piety under Jiyva
   151 | D        | Gained mutation: You do not regenerate when monsters are visible. [Jiyva's grace]
   151 | D        | Gained mutation: You have a pair of large horns on your head. [Jiyva's grace]
   151 | D        | Lost mutation: You are agile. (Dex +2) [Jiyva's grace]
   151 | D        | Reached ****** piety under Jiyva
   153 | D        | Lost mutation: You do not regenerate when monsters are visible. [Jiyva's power]
   153 | D        | Gained mutation: Your system is resistant to poisons. (rPois) [Jiyva's grace]
   153 | D        | Gained mutation: You have a small jelly attached to you that senses nearby items. [Jiyva's grace]
   153 | D        | Lost mutation: You have a pair of large horns on your head. [Jiyva's grace]
   155 | D        | Gained mutation: Armour fits poorly on your pseudopods. [Jiyva's grace]
   157 | D        | Gained mutation: You have large cloven feet. [Jiyva's grace]
   157 | D        | Gained mutation: You evolve. [Jiyva's grace]
   157 | D        | Lost mutation: Your system is resistant to poisons. (rPois) [Jiyva's grace]
   159 | D        | Lost mutation: You have large cloven feet. [Jiyva's grace]
   159 | D        | Gained mutation: You have a pair of large horns on your head. [Jiyva's grace]
   162 | D        | Lost mutation: You evolve. [Jiyva's grace]
   162 | D        | Gained mutation: You are somewhat resistant to further mutation. [Jiyva's grace]
   163 | D        | Gained mutation: You have sharp toenails. [Jiyva's grace]
   163 | D        | Gained mutation: Your muscles are strong. (Str +2) [Jiyva's grace]
   164 | D        | Lost mutation: You are somewhat resistant to further mutation. [Jiyva's grace]
   164 | D        | Gained mutation: You are partially covered in icy blue scales. (AC +2) [Jiyva's grace]
   164 | D        | Lost mutation: You have a small jelly attached to you that senses nearby items. [Jiyva's grace]
   164 | D        | Gained mutation: You are partially covered in iridescent scales. (AC +2) [Jiyva's grace]
   165 | D        | Fell from the grace of Jiyva
   169 | D        | Entered arena 2.
   169 | D        | Noticed a crimson imp
   169 | D        | Noticed a hell hound
   171 | D        | Killed a hell hound
   171 | D        | Reached XP level 2. HP: 34/34 MP: 1/1
   171 | D        | Reached XP level 3. HP: 39/39 MP: 2/2
   171 | D        | Reached XP level 4. HP: 47/47 MP: 3/3
   180 | D        | Reached skill level 10 in Fighting
   180 | D        | Reached skill level 10 in Armour
   180 | D        | Reached XP level 5. HP: 58/58 MP: 4/4
   198 | D        | Lost mutation: Armour fits poorly on your pseudopods. [the vengeance of Jiyva]
   213 | D        | Entered arena 3.
   213 | D        | Noticed a phantom
   214 | D        | Reached XP level 6. HP: 66/66 MP: 5/5
   218 | D        | Reached skill level 10 in Long Blades
   239 | D        | Entered arena 4.
   239 | D        | Noticed a water moccasin
   243 | D        | Killed a water moccasin
   257 | D        | Entered arena 5.
   263 | D        | Reached XP level 7. HP: 67/74 MP: 6/6
   280 | D        | Entered arena 6.
   280 | D        | Noticed a spriggan
   280 | D        | Noticed a spriggan
   284 | D        | Reached skill level 5 in Polearms
   285 | D        | Killed a spriggan
   290 | D        | Killed a spriggan
   290 | D        | Reached XP level 8. HP: 85/85 MP: 7/7
   298 | D        | Got the +0 pair of boots of Ezita {rCorr Int+4}
   341 | D        | Entered arena 7.
   341 | D        | Noticed a death scarab
   341 | D        | Noticed a flying skull
   345 | D        | Killed a flying skull
   347 | D        | Killed a death scarab
   377 | D        | Entered arena 8.
   377 | D        | Noticed a yaktaur
   377 | D        | Noticed a cyclops
   377 | D        | Noticed a yaktaur
   377 | D        | Noticed a cyclops
   377 | D        | Noticed a yaktaur
   383 | D        | Killed a yaktaur
   383 | D        | Reached skill level 10 in Polearms
   383 | D        | Reached XP level 9. HP: 68/96 MP: 1/8
   385 | D        | Killed a yaktaur
   387 | D        | Killed a cyclops
   387 | D        | Reached skill level 15 in Fighting
   389 | D        | Killed a yaktaur
   389 | D        | Reached skill level 15 in Armour
   390 | D        | Killed a cyclops
   524 | D        | Entered arena 9.
   524 | D        | Noticed a deep elf mage
   524 | D        | Noticed a deep elf archer
   524 | D        | Noticed a deep elf annihilator
   524 | D        | Noticed a polar bear
   524 | D        | a hippogriff changed into a polar bear
   525 | D        | Noticed a glowing orange brain
   525 | D        | a polar bear changed into a glowing orange brain
   532 | D        | a glowing orange brain changed into a swamp worm
   533 | D        | Noticed an eye of devastation
   533 | D        | a swamp worm changed into an eye of devastation
   533 | D        | Noticed a sea snake
   533 | D        | an eye of devastation changed into a sea snake
   537 | D        | Reached XP level 10. HP: 45/107 MP: 2/9
   542 | D        | a sea snake changed into a merfolk
   544 | D        | Noticed a death drake
   544 | D        | a merfolk changed into a death drake
   548 | D        | Gained mutation: Your magical capacity is low. (-10% MP) [a neqoxec]
   553 | D        | Killed a deep elf annihilator
   553 | D        | HP: 1/108 [hell rat[a deep elf mage] (7)]
   555 | D        | Noticed a water nymph
   555 | D        | a death drake changed into a water nymph
   557 | D        | Noticed a shining eye
   557 | D        | a water nymph changed into a shining eye
   557 | D        | Killed a deep elf mage
   559 | D        | Killed a shining eye
   562 | D        | Killed a deep elf archer
   845 | D        | Entered arena 10.
   845 | D        | Noticed a draconian
   845 | D        | Noticed a draconian
   845 | D        | Noticed a purple draconian
   845 | D        | Noticed a black draconian
   845 | D        | Noticed a black draconian
   845 | D        | Noticed a red draconian
   845 | D        | Noticed a white draconian
   845 | D        | Noticed a draconian
   852 | D        | Killed a black draconian
   856 | D        | Killed a draconian
   860 | D        | Killed a red draconian
   860 | D        | Reached skill level 15 in Polearms
   860 | D        | Reached XP level 11. HP: 60/118 MP: 4/8
   866 | D        | Killed a purple draconian
   870 | D        | Killed a black draconian
   873 | D        | Killed a white draconian
   879 | D        | HP: 4/121 [draconian/flail (9)]
  1038 | D        | Noticed an acid blob
  1038 | D        | Noticed a shining eye
  1038 | D        | Noticed an azure jelly
  1041 | D        | Mangled by an azure jelly

Vault maps used:
D:        sprint_v

Skill      XL: |  1  2  3  4  5  6  7  8  9 10 11 |
---------------+----------------------------------+-----
Fighting       | 7 10 11 12 14 15 17 18 | 18.9
Long Blades    | 6 9 10 | 10.3
Armour         | 7 10 11 12 14 15 17 18 | 18.8
Polearms       | 3 7 10 12 15 16 | 16.5
Shields        | |  3.6

Action                   |  1- 3 |  4- 6 |  7- 9 | 10-12 || total
-------------------------+-------+-------+-------+-------++-------
Melee: Great sword       |     1 |     5 |       |       ||     6
       Kick              |     1 |     5 |     2 |       ||     8
       Headbutt          |     1 |     5 |     9 |    14 ||    29
       Pseudopods        |       |     1 |       |       ||     1
       Glaive            |       |    11 |    38 |    48 ||    97
Invok: Cure Bad Mutation |     2 |       |       |       ||     2
       Renounce Religion |     1 |       |       |       ||     1
  Use: Potion            |     1 |     1 |     8 |    12 ||    22
Armor: Plate armour      |       |    22 |    72 |   110 ||   204
Dodge: Dodged            |     1 |     6 |    42 |    45 ||    94
